[Event "Wuerttemberg Rapid Teams 2024"]
[Site "B?blingen, Germany"]
[Date "2024.04.13"]
[Round "3.8"]
[White "Schuh, Bernd-Martin"]
[Black "Birkenmaier, Rainer"]
[Result "0-1"]
[ECO "A14"]
[WhiteElo "1976"]
[BlackElo "2111"]
[Annotator "RC"]
[PlyCount "112"]
[EventDate "2024.04.13"]
[EventType "team-tourn"]
[SourceTitle "playchess.com"]
[Source "ChessBase"]
[SourceQuality "1"]
[TimeControl "900+5"]

1. Nf3 d5 2. g3 Nf6 3. c4 e6 4. b3 Be7 5. Bb2 O-O 6. Bg2 c6 7. O-O Nbd7 8. d3 b6 9. Nbd2 Bb7 10. Rc1 c5 11. cxd5 Nxd5 12. a3 Bf6 13. Qc2 Bxb2 14. Qxb2 Qf6 15. Qxf6 N7xf6 16. Ne5 Rac8 17. Ndc4 Rfd8 18. b4 cxb4 19. axb4 Ba6 20. Ra1 Bxc4 21. Nxc4 Rc7 22. Rfb1 Nc3 23. Rb2 Nb5 24. Bf1 Ne8 25. e3 Ned6 26. Nxd6 Nxd6 27. Rba2 Rdd7 28. d4 f5 29. b5 Kf7 30. Rb2 Rc3 31. Bg2 Rdc7 32. Bf1 Rc1 33. Rba2 Rxa1 34. Rxa1 Kf6 35. Kg2 g5 36. Ra2 g4 37. h4 h5 38. Be2 Ne4 39. Bd3 Nc3 40. Ra3 e5 41. dxe5+ Kxe5 42. Rb3 Nd5 43. Bf1 Nc3 44. Rb4 Rc5 45. Bd3 Rd5 46. Bc4 Rd2 47. Bf7 Ne4 48. Bxh5 Rxf2+ 49. Kg1 Rd2 50. Be8 Nxg3 51. h5 Rd8 52. Bg6 Ne4 53. Ra4 Rd1+ 54. Kg2 Rd2+ 55. Kg1 Ng5 56. h6 g3 0-1

[Event "Wuerttemberg Rapid Teams 2024"]
[Site "B?blingen, Germany"]
[Date "2024.04.13"]
[Round "3.9"]
[White "Kottke, Markus"]
[Black "Zuferi, Enis"]
[Result "1-0"]
[ECO "E60"]
[WhiteElo "2218"]
[BlackElo "2406"]
[Annotator "RC"]
[PlyCount "103"]
[EventDate "2024.04.13"]
[EventType "team-tourn"]
[SourceTitle "playchess.com"]
[Source "ChessBase"]
[SourceQuality "1"]
[TimeControl "900+5"]

1. d4 Nf6 2. c4 g6 3. h4 Bg7 4. Nc3 d6 5. e4 Nbd7 6. Be2 h5 7. Nf3 c5 8. d5 a6 9. a4 b6 10. O-O Ne5 11. Nxe5 dxe5 12. a5 bxa5 13. Qa4+ Nd7 14. Qxa5 Rb8 15. Qa3 Qb6 16. Na4 Qb4 17. Qxb4 Rxb4 18. Bd2 Rb8 19. Be3 Bh6 20. Nxc5 Bxe3 21. Nxd7 Rxb2 22. fxe3 Rxe2 23. Nb6 O-O 24. Rfe1 Rc2 25. Rac1 Rb2 26. c5 f5 27. Nc4 Rb4 28. Nxe5 Rxe4 29. Nxg6 Rf7 30. c6 Rg7 31. Nf4 a5 32. Rb1 Kh7 33. Rb8 Rg8 34. Ra8 a4 35. Kf2 Rb4 36. Ra7 Rg7 37. Re2 Kh6 38. Ra2 e5 39. Rxg7 exf4 40. Rg8 fxe3+ 41. Kxe3 f4+ 42. Kf2 Bf5 43. Rf8 Bb1 44. c7 Bxa2 45. c8=Q Rb2+ 46. Kg1 Bxd5 47. Rh8+ Kg6 48. Qe8+ Bf7 49. Qc6+ Kf5 50. Qd7+ Be6 51. Rxh5+ Kf6 52. Rh6+ 1-0

[Event "Wuerttemberg Rapid Teams 2024"]
[Site "B?blingen, Germany"]
[Date "2024.04.13"]
[Round "3.10"]
[White "Hofer, Markus"]
[Black "Huber, Philipp"]
[Result "0-1"]
[ECO "A53"]
[WhiteElo "2047"]
[BlackElo "2306"]
[Annotator "RC"]
[PlyCount "58"]
[EventDate "2024.04.13"]
[EventType "team-tourn"]
[SourceTitle "playchess.com"]
[Source "ChessBase"]
[SourceQuality "1"]
[TimeControl "900+5"]

1. d4 Nf6 2. c4 d6 3. Nc3 e5 4. dxe5 dxe5 5. Qxd8+ Kxd8 6. Bg5 c6 7. Ne4 Bb4+ 8. Kd1 Be7 9. Nxf6 gxf6 10. Bh4 Kc7 11. e4 Rd8+ 12. Kc2 Na6 13. a3 Nc5 14. f3 a5 15. g3 Be6 16. Nh3 a4 17. Nf2 Nb3 18. Rd1 Nd4+ 19. Kc1 Nxf3 20. Be2 Nxh4 21. gxh4 f5 22. exf5 Bxf5 23. Bd3 Be6 24. Ne4 Bxh4 25. Nc5 Bg4 26. Rdf1 Kb6 27. Rhg1 Bc8 28. Bxh7 Kxc5 29. Rxf7 Rd4 0-1

[Event "Wuerttemberg Rapid Teams 2024"]
[Site "B?blingen, Germany"]
[Date "2024.04.13"]
[Round "3.12"]
[White "Brettschneider, Karl"]
[Black "Tschlatscher, Thomas"]
[Result "0-1"]
[ECO "E06"]
[WhiteElo "1965"]
[BlackElo "2217"]
[Annotator "RC"]
[PlyCount "154"]
[EventDate "2024.04.13"]
[EventType "team-tourn"]
[SourceTitle "playchess.com"]
[Source "ChessBase"]
[SourceQuality "1"]
[TimeControl "900+5"]

1. c4 Nf6 2. Nc3 e6 3. g3 d5 4. cxd5 exd5 5. d4 c6 6. Nf3 Be7 7. Bg2 O-O 8. O-O Re8 9. Re1 h6 10. h3 Bf5 11. Bf4 Bd6 12. Bxd6 Qxd6 13. a3 Nbd7 14. b4 Ne4 15. Rc1 a6 16. Nd2 Ng5 17. g4 Bh7 18. e4 dxe4 19. Ndxe4 Nxe4 20. Nxe4 Bxe4 21. Rxe4 Rxe4 22. Bxe4 Nf6 23. Qd3 Rd8 24. Rd1 Qf4 25. Bf3 Nd5 26. Bxd5 Rxd5 27. Qe3 Qd6 28. Qe8+ Qf8 29. Qxf8+ Kxf8 30. f4 a5 31. Kf2 Ke7 32. Ke3 axb4 33. axb4 Rb5 34. Rb1 Rb6 35. Kd3 Kd6 36. Kc4 Ra6 37. Rb3 b5+ 38. Kd3 Kd5 39. Rc3 Ra4 40. Rb3 Ra1 41. Rc3 Rb1 42. Rc5+ Kd6 43. Kc3 Rh1 44. Rh5 f6 45. g5 hxg5 46. fxg5 f5 47. Rh7 f4 48. Rxg7 Rxh3+ 49. Kd2 Kd5 50. Rf7 Rg3 51. Rxf4 Rxg5 52. Kc3 Rg3+ 53. Kc2 Kc4 54. Rf6 Rg2+ 55. Kd1 Kd5 56. Rf4 Rb2 57. Rf5+ Kxd4 58. Rc5 Rxb4 59. Rxc6 Rc4 60. Rb6 Kc5 61. Rb8 Kb4 62. Kd2 Ka4 63. Ra8+ Kb3 64. Ra1 b4 65. Rb1+ Ka2 66. Rh1 b3 67. Kd3 Rc7 68. Rh5 b2 69. Ra5+ Kb3 70. Rb5+ Ka3 71. Rb8 Rc1 72. Ra8+ Kb3 73. Rb8+ Ka2 74. Ra8+ Kb1 75. Kd2 Rc5 76. Ra7 Rd5+ 77. Kc3 Kc1 0-1

[Event "Wuerttemberg Rapid Teams 2024"]
[Site "B?blingen, Germany"]
[Date "2024.04.13"]
[Round "3.13"]
[White "Kabisch, Thilo"]
[Black "Kerpe, Andreas"]
[Result "1-0"]
[ECO "C76"]
[WhiteElo "2228"]
[BlackElo "2146"]
[Annotator "RC"]
[PlyCount "69"]
[EventDate "2024.04.13"]
[EventType "team-tourn"]
[SourceTitle "playchess.com"]
[Source "ChessBase"]
[SourceQuality "1"]
[TimeControl "900+5"]

1. e4 Nc6 2. Nf3 e5 3. Bb5 a6 4. Ba4 d6 5. c3 Bd7 6. O-O g6 7. d4 Bg7 8. Be3 Nf6 9. Nbd2 O-O 10. Rc1 h6 11. d5 Ne7 12. Bxd7 Nxd7 13. Ne1 c6 14. c4 c5 15. Nd3 f5 16. f3 Rc8 17. a3 Nf6 18. b4 b6 19. Rb1 Qc7 20. Rb2 Nd7 21. Qe2 Rb8 22. Rfb1 Rfc8 23. Qd1 cxb4 24. axb4 b5 25. c5 dxc5 26. bxc5 Nxd5 27. exd5 e4 28. Qb3 Kh7 29. c6 exd3 30. cxd7 Qxd7 31. Ra2 Rc3 32. Qb4 Qxd5 33. Rxa6 Re8 34. Ra7 Rc2 35. Qd4 1-0

[Event "Wuerttemberg Rapid Teams 2024"]
[Site "B?blingen, Germany"]
[Date "2024.04.13"]
[Round "3.14"]
[White "Vaysberg, Alexander"]
[Black "Trachtmann, Mark"]
[Result "1/2-1/2"]
[ECO "B12"]
[WhiteElo "2152"]
[BlackElo "2203"]
[Annotator "RC"]
[PlyCount "39"]
[EventDate "2024.04.13"]
[EventType "team-tourn"]
[SourceTitle "playchess.com"]
[Source "ChessBase"]
[SourceQuality "1"]
[TimeControl "900+5"]

1. e4 c6 2. d4 d5 3. e5 c5 4. dxc5 e6 5. Be3 Nh6 6. Bd3 Nd7 7. Nf3 Nxc5 8. O-O Nxd3 9. Qxd3 Be7 10. c4 dxc4 11. Qxc4 Nf5 12. Bc5 O-O 13. Bxe7 Qxe7 14. Nc3 Bd7 15. Rfd1 Rac8 16. Qf4 Bc6 17. Ne4 Bxe4 18. Qxe4 Rfd8 19. g3 h6 20. Rac1 1/2-1/2

[Event "Wuerttemberg Rapid Teams 2024"]
[Site "B?blingen, Germany"]
[Date "2024.04.13"]
[Round "3.15"]
[White "Krockenberger, Martin"]
[Black "Jerie, Sven"]
[Result "0-1"]
[ECO "E46"]
[WhiteElo "2125"]
[BlackElo "2018"]
[Annotator "RC"]
[PlyCount "85"]
[EventDate "2024.04.13"]
[EventType "team-tourn"]
[SourceTitle "playchess.com"]
[Source "ChessBase"]
[SourceQuality "1"]
[TimeControl "900+5"]

1. d4 Nf6 2. c4 e6 3. Nc3 Bb4 4. e3 O-O 5. Nge2 d5 6. a3 Be7 7. cxd5 exd5 8. Nf4 c6 9. Bd3 Bd6 10. O-O Re8 11. f3 a5 12. Bc2 Qc7 13. g3 Qe7 14. e4 dxe4 15. fxe4 Bc7 16. e5 Ng4 17. Qd3 g6 18. Qf3 Bb6 19. Be3 Nxe3 20. Qxe3 Qxe5 21. Qxe5 Rxe5 22. Rad1 Re8 23. Kg2 Na6 24. d5 Bg4 25. Rd2 Rad8 26. h3 Be3 27. hxg4 Bxd2 28. Ne4 Bxf4 29. Nf6+ Kf8 30. Nxe8 Rxe8 31. gxf4 Re2+ 32. Rf2 Rxf2+ 33. Kxf2 cxd5 34. Ke3 Ke7 35. Kd4 Kd6 36. Bd1 h6 37. Bf3 Nc7 38. f5 Nb5+ 39. Kd3 Ke5 40. fxg6 fxg6 41. Bd1 Nd6 42. b3 Ne4 43. b4 0-1

[Event "Wuerttemberg Rapid Teams 2024"]
[Site "B?blingen, Germany"]
[Date "2024.04.13"]
[Round "3.16"]
[White "Schaffert, Walter"]
[Black "Eisele, Steffen"]
[Result "1-0"]
[ECO "C00"]
[WhiteElo "2033"]
[BlackElo "2230"]
[Annotator "RC"]
[PlyCount "83"]
[EventDate "2024.04.13"]
[EventType "team-tourn"]
[SourceTitle "playchess.com"]
[Source "ChessBase"]
[SourceQuality "1"]
[TimeControl "900+5"]

1. e4 e6 2. Qe2 Nc6 3. f4 Nd4 4. Qd1 c5 5. c3 Nc6 6. Nf3 d5 7. e5 d4 8. d3 b6 9. Be2 Bb7 10. O-O h5 11. Nbd2 Nh6 12. Ne4 Nf5 13. c4 Be7 14. Nfg5 h4 15. a3 Qd7 16. Bd2 Ne3 17. Bxe3 dxe3 18. Rf3 Bxg5 19. Nxg5 Nd4 20. Rxe3 Nf5 21. Rh3 Qd4+ 22. Kh1 Ne3 23. Qa4+ Ke7 24. Bf3 Bxf3 25. Rxf3 Qxb2 26. Rg1 Nf5 27. Qc6 Rad8 28. a4 Nd4 29. Qe4 Nxf3 30. Qxf3 Rd7 31. Ne4 Rhd8 32. Qg4 Rxd3 33. Qxg7 h3 34. Qf6+ Kd7 35. Qxf7+ Kc6 36. Qxe6+ Kb7 37. Nd6+ Ka6 38. Qe7 Rd1 39. Qb7+ Ka5 40. Qxa7+ Kb4 41. Qxb6+ Kc3 42. Qxb2+ 1-0

[Event "Wuerttemberg Rapid Teams 2024"]
[Site "B?blingen, Germany"]
[Date "2024.04.13"]
[Round "3.17"]
[White "Peng, Xiang-Tobias"]
[Black "Braeuning, Rudolf Wilhelm"]
[Result "1/2-1/2"]
[ECO "C47"]
[WhiteElo "2187"]
[BlackElo "2194"]
[Annotator "RC"]
[PlyCount "109"]
[EventDate "2024.04.13"]
[EventType "team-tourn"]
[SourceTitle "playchess.com"]
[Source "ChessBase"]
[SourceQuality "1"]
[TimeControl "900+5"]

1. e4 e5 2. Nf3 Nc6 3. d4 exd4 4. Nxd4 Nf6 5. Nc3 Bb4 6. Nxc6 bxc6 7. Bd3 d5 8. exd5 O-O 9. O-O cxd5 10. Bg5 c6 11. Na4 Qd6 12. Bh4 Bg4 13. f3 Bh5 14. c4 Bg6 15. Bf2 Rfd8 16. Bxg6 hxg6 17. a3 Ba5 18. b4 Bc7 19. Bg3 Qd7 20. Bxc7 Qxc7 21. Qd4 a5 22. b5 c5 23. Qxc5 Qxc5+ 24. Nxc5 dxc4 25. Rfc1 Rac8 26. Rxc4 Nd7 27. Rac1 Nb6 28. R4c2 Rd5 29. a4 f5 30. Ne6 Rxc2 31. Rxc2 Nxa4 32. Ra2 Nc3 33. Rxa5 Rxb5 34. Ra7 Rb1+ 35. Kf2 Rb2+ 36. Kg3 Kh7 37. Rxg7+ Kh6 38. Rg8 Kh7 39. Rg7+ Kh6 40. Rg8 Kh7 41. Rg7+ Kh6 42. Rg8 Kh7 43. Rg7+ Kh6 44. Rg8 Kh7 45. Rg7+ Kh6 46. Rg8 Kh7 47. Rg7+ Kh6 48. Rg8 Kh7 49. Rc8 Ne2+ 50. Kh4 Ng1 51. Kg5 Rxg2+ 52. Kf6 Nxf3 53. Rc3 Nh4 54. Rh3 Rg4 55. Ke5 1/2-1/2

[Event "Wuerttemberg Rapid Teams 2024"]
[Site "B?blingen, Germany"]
[Date "2024.04.13"]
[Round "3.17"]
[White "Peng, Xiang-Tobias"]
[Black "Braeuning, Rudolf Wilhelm"]
[Result "*"]
[ECO "A06"]
[WhiteElo "2187"]
[BlackElo "2194"]
[Annotator "RC"]
[PlyCount "75"]
[EventDate "2024.04.13"]
[EventType "team-tourn"]
[SourceTitle "playchess.com"]
[Source "ChessBase"]
[SourceQuality "1"]
[TimeControl "900+5"]

1. Nf3 c5 2. b3 Nc6 3. Bb2 d5 4. e3 Bg4 5. Bb5 Rc8 6. h3 Bxf3 7. Qxf3 a6 8. Bxc6+ Rxc6 9. O-O Nf6 10. d3 Qd6 11. Nd2 e5 12. Qg3 Nd7 13. Rae1 f5 14. f4 exf4 15. exf4+ Kf7 16. Nf3 Qg6 17. Qh4 d4 18. Qd8 Rd6 19. Qc7 Be7 20. Rxe7+ Kxe7 21. Re1+ Re6 22. Ne5 Qe8 23. Qxb7 Qc8 24. Qd5 Nxe5 25. fxe5 Qc6 26. Qc4 Rc8 27. Re2 Kf8 28. c3 dxc3 29. Bxc3 Kg8 30. Qf4 Rce8 31. Re3 Qd5 32. Qxf5 h6 33. Rf3 a5 34. Qf7+ Kh8 35. Rg3 Rg8 36. Rg6 Rxe5 37. Qxd5 Rxd5 38. Rxh6# *

[Event "Wuerttemberg Rapid Teams 2024"]
[Site "B?blingen, Germany"]
[Date "2024.04.13"]
[Round "3.18"]
[White "Ramirez Marin, Ivan"]
[Black "Hartmann, Martin"]
[Result "0-1"]
[ECO "A29"]
[WhiteElo "2271"]
[BlackElo "2158"]
[Annotator "RC"]
[PlyCount "146"]
[EventDate "2024.04.13"]
[EventType "team-tourn"]
[SourceTitle "playchess.com"]
[Source "ChessBase"]
[SourceQuality "1"]
[TimeControl "900+5"]

1. c4 e5 2. g3 Nf6 3. Bg2 Nc6 4. Nc3 Bc5 5. Nf3 d6 6. e3 a6 7. O-O O-O 8. b3 Ba7 9. Bb2 Re8 10. h3 e4 11. Ng5 Bf5 12. g4 Bg6 13. f4 exf3 14. Nxf3 Nb4 15. Nh4 Bc2 16. Qf3 Qe7 17. Rac1 Bd3 18. Qxb7 Nxg4 19. Nd5 Nxd5 20. Qxd5 Bxf1 21. Nf5 Qe6 22. Rxf1 Ne5 23. Bxe5 Qxd5 24. Bxd5 dxe5 25. Bxa8 Rxa8 26. Ne7+ Kf8 27. Nc6 f6 28. Nxe5 Re8 29. Nc6 Bb6 30. Rf5 Re6 31. Nb4 g6 32. Rd5 a5 33. Nc2 Ke8 34. Kf2 c6 35. Rd3 Ke7 36. Rc3 Re5 37. d4 Rf5+ 38. Ke2 Rh5 39. e4 g5 40. c5 Bc7 41. d5 Be5 42. d6+ Kd7 43. Rf3 Rh4 44. Kd3 h5 45. Ne3 g4 46. hxg4 hxg4 47. Rf2 g3 48. Rg2 Rh2 49. a3 Bf4 50. Re2 Rf2 51. Rxf2 gxf2 52. Nf1 Bc1 53. b4 Bxa3 54. bxa5 Bxc5 55. Ke2 Kxd6 56. Nd2 Ba7 57. Nc4+ Kc5 58. Ne3 Kb5 59. Ng4 Bd4 60. Nxf2 Bxf2 61. Kxf2 Kxa5 62. Kf3 c5 63. Kf4 c4 64. Kf5 c3 65. Kxf6 c2 66. e5 c1=Q 67. e6 Qf4+ 68. Kg7 Qe5+ 69. Kf7 Qf5+ 70. Ke7 Kb6 71. Kd6 Qd3+ 72. Ke5 Kc7 73. e7 Kd7 0-1

[Event "Wuerttemberg Rapid Teams 2024"]
[Site "B?blingen, Germany"]
[Date "2024.04.13"]
[Round "3.19"]
[White "Schnepp, Gunnar"]
[Black "Freiherr von Hauff, Christopher"]
[Result "1/2-1/2"]
[ECO "B22"]
[WhiteElo "2233"]
[BlackElo "1960"]
[Annotator "RC"]
[PlyCount "79"]
[EventDate "2024.04.13"]
[EventType "team-tourn"]
[SourceTitle "playchess.com"]
[Source "ChessBase"]
[SourceQuality "1"]
[TimeControl "900+5"]

1. e4 c5 2. Nf3 e6 3. c3 Nf6 4. e5 Nd5 5. d4 cxd4 6. cxd4 d6 7. Bc4 Be7 8. O-O O-O 9. Re1 Nc6 10. exd6 Qxd6 11. Nc3 Nf6 12. a3 Rd8 13. Nb5 Qb8 14. g3 b6 15. Bf4 Qb7 16. Nc7 b5 17. Bxb5 Nd5 18. Nxd5 Rxd5 19. Bc4 Rd8 20. b4 Bf6 21. Be5 Bxe5 22. Nxe5 Nxd4 23. Qh5 f6 24. Bd3 g6 25. Qh4 g5 26. Qh6 Qg7 27. Bxh7+ Kf8 28. Ng6+ Kf7 29. Qh5 Bb7 30. Ne5+ Ke7 31. Ng6+ Kf7 32. Nh4+ Kf8 33. Ng6+ Kf7 34. Ne5+ Ke7 35. Ng6+ Kd6 36. Rad1 Kc7 37. Ra1 Kd6 38. Red1 Kc7 39. Rac1+ Kb6 40. Re1 1/2-1/2

[Event "Wuerttemberg Rapid Teams 2024"]
[Site "B?blingen, Germany"]
[Date "2024.04.13"]
[Round "3.20"]
[White "Geshnizjani, Ramin"]
[Black "Deubel, Silas"]
[Result "1-0"]
[ECO "B22"]
[WhiteElo "2137"]
[BlackElo "1851"]
[Annotator "RC"]
[PlyCount "63"]
[EventDate "2024.04.13"]
[EventType "team-tourn"]
[SourceTitle "playchess.com"]
[Source "ChessBase"]
[SourceQuality "1"]
[TimeControl "900+5"]

1. e4 c5 2. c3 d5 3. exd5 Qxd5 4. Na3 Nc6 5. Nf3 Bg4 6. Be2 Nf6 7. O-O e5 8. d3 Be7 9. Nc4 Rd8 10. Ne3 Qe6 11. Ng5 Bxe2 12. Nxe6 Bxd1 13. Nxd8 Be2 14. Nxc6 bxc6 15. Re1 Bxd3 16. b3 O-O 17. Nc4 e4 18. Ne5 c4 19. bxc4 Bc5 20. Be3 Bd6 21. Nxd3 exd3 22. Rad1 Ng4 23. h3 Ne5 24. c5 Bc7 25. Bd4 f6 26. Bxe5 Bxe5 27. Rxd3 g5 28. g3 Rb8 29. Re4 Rb2 30. Rb4 Rc2 31. Rb7 Rc1+ 32. Kg2 1-0

[Event "Wuerttemberg Rapid Teams 2024"]
[Site "B?blingen, Germany"]
[Date "2024.04.13"]
[Round "3.21"]
[White "Schaefer, Daniel"]
[Black "Gabriel, Robert"]
[Result "0-1"]
[ECO "D35"]
[WhiteElo "1952"]
[BlackElo "2161"]
[Annotator "RC"]
[PlyCount "78"]
[EventDate "2024.04.13"]
[EventType "team-tourn"]
[SourceTitle "playchess.com"]
[Source "ChessBase"]
[SourceQuality "1"]
[TimeControl "900+5"]

1. d4 d5 2. c4 e6 3. Nc3 Nf6 4. cxd5 exd5 5. Bg5 c6 6. e3 Be7 7. Bd3 Nbd7 8. Nge2 h6 9. Bh4 O-O 10. O-O Ne4 11. Bxe7 Qxe7 12. Bxe4 dxe4 13. d5 cxd5 14. Qxd5 Nf6 15. Qb5 Bd7 16. Qb3 Bc6 17. Nd4 Rac8 18. Rac1 Rfe8 19. Rfd1 Qe5 20. Nce2 Ng4 21. Ng3 Bd5 22. Qa4 Rxc1 23. Rxc1 a6 24. h3 b5 25. Qxa6 Nxe3 26. Nge2 Nxg2 27. Kxg2 Qg5+ 28. Kh2 Qe5+ 29. Kg1 Qg5+ 30. Kh2 Qe5+ 31. Kh1 e3+ 32. f3 Qh5 33. Kg2 Re5 34. Qc8+ Kh7 35. Ng3 Rg5 36. Kh2 Qh4 37. Ndf5 Qf4 38. Qc7 Qxf3 39. Rg1 Qf2+ 0-1

[Event "Wuerttemberg Rapid Teams 2024"]
[Site "B?blingen, Germany"]
[Date "2024.04.13"]
[Round "3.22"]
[White "Gabriel, Josef"]
[Black "Lahouel, Kim-Luca"]
[Result "1-0"]
[ECO "A84"]
[WhiteElo "1997"]
[BlackElo "1970"]
[Annotator "RC"]
[PlyCount "29"]
[EventDate "2024.04.13"]
[EventType "team-tourn"]
[SourceTitle "playchess.com"]
[Source "ChessBase"]
[SourceQuality "1"]
[TimeControl "900+5"]

1. d4 d5 2. c4 e6 3. Nc3 c6 4. e3 f5 5. cxd5 exd5 6. Bd3 Nf6 7. Nge2 Bd6 8. Qc2 Ne4 9. g3 O-O 10. f3 Ng5 11. Rf1 c5 12. Nxd5 cxd4 13. Nxd4 Bxg3+ 14. hxg3 Qxd5 15. Bc4 1-0

[Event "Wuerttemberg Rapid Teams 2024"]
[Site "B?blingen, Germany"]
[Date "2024.04.13"]
[Round "3.23"]
[White "Mikeler, Marcel"]
[Black "Aksenov, Pavel"]
[Result "0-1"]
[ECO "D07"]
[WhiteElo "1945"]
[BlackElo "2045"]
[Annotator "RC"]
[PlyCount "122"]
[EventDate "2024.04.13"]
[EventType "team-tourn"]
[SourceTitle "playchess.com"]
[Source "ChessBase"]
[SourceQuality "1"]
[TimeControl "900+5"]

1. d4 d5 2. c4 Nc6 3. Nf3 Bg4 4. e3 Nf6 5. Nc3 e6 6. Be2 dxc4 7. Qa4 Qd7 8. h3 Bf5 9. Qxc4 Na5 10. Ne5 Nxc4 11. Nxd7 Kxd7 12. Bxc4 c6 13. f3 h5 14. e4 Bg6 15. Bg5 Be7 16. h4 b5 17. Bb3 Rhe8 18. Kf2 a5 19. a4 b4 20. Ne2 c5 21. dxc5 Bxc5+ 22. Be3 Rac8 23. Rac1 Bxe3+ 24. Kxe3 e5 25. Bc4 Ke7 26. Rhd1 Kf8 27. Rd6 Red8 28. Ra6 Ra8 29. Rxa8 Rxa8 30. Bb5 Ra7 31. Rc5 Ke7 32. Rxe5+ Kd6 33. Rg5 Nh7 34. Rd5+ Ke7 35. Nf4 Nf8 36. Nxg6+ Nxg6 37. Rxh5 f6 38. f4 Rc7 39. Bd3 Ra7 40. g3 Nf8 41. Bc4 Kd6 42. Rd5+ Kc6 43. Rd8 Nd7 44. Bb5+ Kd6 45. Bxd7 Rxd7 46. e5+ Ke7 47. exf6+ Kxd8 48. fxg7 Rxg7 49. Kf3 Ke7 50. g4 Kf6 51. h5 Rc7 52. Ke4 Rc4+ 53. Ke3 Rc2 54. Ke4 Re2+ 55. Kf3 Rxb2 56. g5+ Kf5 57. Kg3 Rb3+ 58. Kh4 Kxf4 59. g6 Rb1 60. Kh3 Rh1+ 61. Kg2 Rxh5 0-1

[Event "Wuerttemberg Rapid Teams 2024"]
[Site "B?blingen, Germany"]
[Date "2024.04.13"]
[Round "3.24"]
[White "Siegle, Florian"]
[Black "Dietzel, Lukas"]
[Result "1-0"]
[ECO "C54"]
[WhiteElo "1912"]
[BlackElo "1782"]
[Annotator "TA"]
[PlyCount "91"]
[EventDate "2024.04.13"]
[EventType "team-tourn"]
[SourceTitle "playchess.com"]
[Source "ChessBase"]
[SourceQuality "1"]
[TimeControl "900+5"]

1. e4 e5 2. Bc4 Nc6 3. Nf3 Bc5 4. c3 Nf6 5. d4 exd4 6. e5 d5 7. Bb5 Ne4 8. Nxd4 (8. cxd4 $11 Bb6 9. h3) 8... O-O $15 9. O-O (9. Bxc6 $15 bxc6 10. O-O) 9... Nxd4 ({Black should play} 9... Nxe5 $17 {...Bd6 is the strong threat.} 10. Nd2 Bg4) 10. cxd4 $11 {[%emt 0:00:04] The position is equal.} Bb6 11. Nc3 f6 12. Bf4 Be6 13. Rc1 ({White should try} 13. Ba4 $11) 13... c6 $15 {[%emt 0:00:31] White must now prevent ...Nxc3.} 14. Be2 fxe5 (14... g5 $1 $15 15. Be3 fxe5) 15. Bxe5 $11 Ng5 16. Na4 Nh3+ $2 17. gxh3 $18 Bxh3 18. Nxb6 axb6 {[%emt 0:00:17] [#]} (18... Qg5+ $16 19. Bg3 Bxf1 20. Kxf1 (20. Nxa8 Bxe2 21. Qc2 Rxa8 $17) 20... axb6) 19. a3 Qg5+ $16 20. Bg3 Rae8 21. Rc3 Qf5 $2 (21... Bxf1 $16 22. Kxf1 (22. Bxf1 Re6 $18) 22... Re4) 22. Bd3 (22. Re1 $142) 22... Qg5 $2 (22... Qe6 {might work better.} 23. Be5 Bxf1 24. Bxf1 Qf5) 23. Re1 $18 Rxe1+ 24. Qxe1 h5 25. Qe3 Qg4 26. Be2 Qg6 {[%emt 0:00:04] And now ...Re8 would win.} 27. Bd3 Qg4 {[%emt 0:00:25] [#]} 28. f3 $1 Qd7 (28... Qe6 29. Qxe6+) 29. Bf1 Bf5 30. Be5 Qe7 31. Bd3 Bxd3 32. Rxd3 Rf5 33. Rd2 Qe6 (33... Kh7 $142 34. Rg2 g6) 34. Rg2 Rf7 35. Qg5 Qd7 36. Qxh5 {[%emt 0:00:10] Hoping for Qh6.} Qe7 37. Qg4 c5 38. h4 cxd4 39. Bxd4 Qe1+ 40. Kh2 Qe7 41. h5 {[%emt 0:00:07][%cal Of3f4] aiming for f4!} (41. Bxb6 Qd6+ 42. Kh3 Qxb6 $14) 41... Qd6+ 42. Qg3 Qh6 43. Qg5 Qd6+ {[%emt 0:00:02] [#]} 44. f4 Qc7 45. h6 Kf8 46. h7 {[%emt 0:00:03] Weighted Error Value: White=0.64/Black=0.61.  Loses game:     	---       	Black=2      Mistake:       	White=4     	Black=5      Inaccurate:     	White=1     	---        OK:         	White=5     	Black=9      Best:        	White=3     	Black=1} 1-0

[Event "Wuerttemberg Rapid Teams 2024"]
[Site "B?blingen, Germany"]
[Date "2024.04.13"]
[Round "3.25"]
[White "Belica, Matej"]
[Black "Kulm, Justin"]
[Result "0-1"]
[ECO "B30"]
[WhiteElo "2173"]
[BlackElo "1963"]
[Annotator "RC"]
[PlyCount "86"]
[EventDate "2024.04.13"]
[EventType "team-tourn"]
[SourceTitle "playchess.com"]
[Source "ChessBase"]
[SourceQuality "1"]
[TimeControl "900+5"]

1. e4 c5 2. Nf3 Nc6 3. Bb5 e6 4. O-O Nge7 5. Re1 Ng6 6. c3 d5 7. exd5 Qxd5 8. c4 Qd6 9. d4 cxd4 10. Qxd4 Bd7 11. Qc3 Qc7 12. a3 h5 13. b4 h4 14. h3 Rc8 15. Bb2 Rh5 16. Qe3 a6 17. Ba4 Nce7 18. Bb3 Nf5 19. Qe2 Nf4 20. Qd1 Be7 21. Be5 Bd6 22. Nc3 Bxe5 23. Nxe5 Rg5 24. Nd5 Rxg2+ 25. Kf1 exd5 26. Ng6+ Be6 27. Nxf4 Rxf2+ 28. Kxf2 Qxf4+ 29. Qf3 Qh2+ 30. Qg2 Qf4+ 31. Qf3 Qxf3+ 32. Kxf3 Nd4+ 33. Kf4 Nxb3 34. cxd5 Rc4+ 35. Kg5 Nxa1 36. dxe6 Nc2 37. exf7+ Kxf7 38. Rd1 Rc7 39. Rd3 Ke7 40. Kxh4 Kf6 41. Kg4 Rc4+ 42. Kg3 Nd4 43. Re3 Nf5+ 0-1

[Event "Wuerttemberg Rapid Teams 2024"]
[Site "B?blingen, Germany"]
[Date "2024.04.13"]
[Round "3.27"]
[White "Vrabac, Branko"]
[Black "Schraegle, Thorsten"]
[Result "0-1"]
[ECO "A36"]
[WhiteElo "1932"]
[BlackElo "1918"]
[Annotator "TA"]
[PlyCount "74"]
[EventDate "2024.04.13"]
[EventType "team-tourn"]
[SourceTitle "playchess.com"]
[Source "ChessBase"]
[SourceQuality "1"]
[TimeControl "900+5"]

1. c4 c5 2. Nc3 g6 3. g3 Bg7 4. Bg2 Nc6 5. e4 d6 6. Nge2 Nf6 7. O-O O-O 8. d3 a6 9. h3 Rb8 10. a4 b6 11. Be3 Bb7 12. Qd2 Re8 {[%emt 0:00:07] The position is equal.} 13. f4 ({White should play} 13. Rab1 $11) 13... e6 $15 14. g4 (14. Bf2 $15) 14... Nb4 (14... d5 $17 {Hoping for ...d4.} 15. cxd5 exd5) 15. Ng3 d5 {[%emt 0:00:04] [#] Threatens to win with ...d4.} 16. cxd5 (16. Nce2 $11 {keeps the balance.}) 16... exd5 $17 17. d4 (17. Rad1 $17) 17... dxe4 18. dxc5 Qxd2 19. Bxd2 bxc5 20. Rae1 Nd3 21. Re3 (21. Re2 $142) 21... Nd5 (21... Nxb2 $19 {Strongly threatening ...Nc4.} 22. Re2 Nd3) 22. Nxd5 (22. Rxe4 $17 Red8 (22... Nxb2 23. Rxe8+ Rxe8 24. Bxd5 $11) 23. Re2) 22... Bxd5 $19 23. Bc3 Bd4 24. Bxd4 cxd4 25. Rxd3 exd3 26. Bxd5 Rxb2 27. Rd1 d2 $2 (27... Re3 $19 28. Nf1 Rxh3) 28. Ne4 $11 {[%emt 0:00:02] [#] Black must now prevent Nf6+.} Rd8 29. Bb7 $2 Rxb7 $19 30. Rxd2 {[%emt 0:00:02][%mdl 4096] Endgame. KRR-KRN} Rb4 31. a5 Ra4 32. Nc5 Rxa5 33. Nb7 Ra1+ 34. Kf2 Rd5 35. Kf3 f5 36. gxf5 gxf5 37. h4 Rb1 {[%emt 0:00:05] Weighted Error Value: White=1.02/Black=0.32.  Loses game:     	White=1     	---        Missed win:     	---       	Black=1      Mistake:       	White=6     	Black=2      Inaccurate:     	---       	Black=1      OK:         	White=9     	Black=4      Best:        	---       	Black=2} 0-1